Map: Acid Plant LE

Players

Hurricane

  • Race: Protoss Protoss
  • League: Master
  • Spawn Location: 5:00

Leenock - Winner!

  • Race: Zerg Zerg
  • League: Grandmaster
  • Spawn Location: 11:00

Event: Memes & Dreams Invitational

VOD

Have the link to the VOD?

Description

Time

  • Played on: April 15, 2018, 2:39 a.m.
  • Length: 11:12

All games in this series

Show
View Real Time Build Order
Export as new Build Order

Hurricane Protoss 

Build Orders: 1 Gate Expand, Oracle Opening, Phoenix Opening, Archon Immortal 

Get SALT Encoding   

  12  0:00  Probe  
  13  0:12  Probe  
  14  0:20  Pylon  
  14  0:25  Probe  
  15  0:38  Probe (Chrono Boost)  
  15  0:42  Gateway  
  16  0:47  Probe (Chrono Boost)  
  16  0:49  Assimilator  
  17  0:52  Probe (Chrono Boost)  
  18  1:04  Probe  
  19  1:16  Probe  
  20  1:25  Nexus  
  20  1:35  Cybernetics Core  
  20  1:39  Probe  
  21  1:45  Assimilator  
  21  1:51  Probe  
  21  1:53  Pylon  
  22  2:03  Probe  
  23  2:10  Adept (Chrono Boost)  
  23  2:15  Probe  
  26  2:21  Stargate  
  26  2:28  Probe (Chrono Boost)  
  26  2:29  Warp Gate  
  27  2:31  Adept (Chrono Boost)  
  30  2:37  Probe (Chrono Boost)  
  31  2:45  Probe (Chrono Boost)  
  31  2:46  Probe (Chrono Boost)  
  31  2:50  Adept  
  32  2:51  Probe  
  35  3:01  Probe  
  35  3:04  Probe, Oracle (Chrono Boost)  
  40  3:14  Probe  
  40  3:15  Pylon  
  40  3:16  Probe  
  42  3:26  Probe  
  43  3:28  Probe, Assimilator  
  43  3:32  Assimilator  
  43  3:34  Phoenix  
  44  3:38  Probe, Gateway  
  47  3:42  Probe  
  48  3:50  Probe  
  48  3:52  Robotics Facility  
  49  3:58  Probe  
  49  4:02  Probe  
  51  4:16  Probe  
  52  4:23  Gateway  
  53  4:25  Gateway  
  53  4:27  Pylon  
  53  4:30  Gateway x2  
  50  4:32  Probe x2  
  50  4:39  Warp Prism  
  50  4:43  Twilight Council  
  52  4:48  Probe x2  
  54  5:00  Sentry x2  
  58  5:07  Probe x2  
  58  5:09  Pylon  
  56  5:19  Probe  
  56  5:20  Probe, Pylon  
  55  5:23  Zealot, Adept  
  55  5:24  Adept  
  61  5:31  Adept, Zealot  
  61  5:32  Zealot  
  65  5:39  Charge  
  65  5:40  Templar Archives  
  65  5:44  Probe x2  
  67  5:53  Nexus  
  67  5:54  Pylon  
  67  5:56  Adept x2  
  71  5:58  Psionic Storm  
  71  6:06  Zealot  
  71  6:09  Probe x2  
  75  6:16  Sentry x3, Zealot x2  
  85  6:26  Forge  
  85  6:34  Probe  
  85  6:36  Pylon  
  86  6:45  Pylon  
  86  6:47  Protoss Ground Weapons Level 1 (Chrono Boost)  
  86  6:50  Gateway x2  
  86  6:54  Probe, Assimilator  
  86  6:55  High Templar x2  
  86  6:58  Pylon, Assimilator  
  86  6:59  High Templar  
  93  7:02  Pylon  
  93  7:04  High Templar  
  93  7:05  Probe (Chrono Boost)  
  98  7:08  Probe (Chrono Boost)  
  98  7:09  Probe (Chrono Boost)  
  98  7:12  Immortal (Chrono Boost)  
  103  7:16  Probe (Chrono Boost)  
  103  7:19  Probe (Chrono Boost)  
  103  7:20  Probe (Chrono Boost)  
  103  7:22  Probe (Chrono Boost)  
  99  7:25  Probe (Chrono Boost)  
  99  7:26  Probe  
  102  7:30  Photon Cannon  
  102  7:31  Probe, High Templar x2  
  107  7:37  Probe  
  107  7:40  Probe  
  107  7:42  Robotics Facility  
  107  7:48  High Templar  
  107  7:51  Shield Battery, High Templar  
  111  7:57  Immortal (Chrono Boost)  
  115  8:10  Zealot x3  
  115  8:14  Pylon  
  115  8:23  Nexus  
  115  8:25  Pylon  
  115  8:26  Immortal (Chrono Boost)  
  111  8:33  Immortal (Chrono Boost), Adept x2  
  119  8:41  High Templar x2  
  125  8:46  Probe x3  
  125  8:47  Archon  
  130  8:48  High Templar  
  130  8:49  High Templar  
  130  8:53  Archon  
  130  8:54  Zealot x2  
  138  8:58  Warp Prism  
  138  9:01  Archon  
  140  9:03  Zealot x2  
  140  9:05  Immortal  
  130  9:24  Adept  
  130  9:25  Adept  
  130  9:28  Probe x3  
  137  9:34  Immortal  
  137  9:36  Probe  
  142  9:38  Assimilator  
  142  9:39  Shield Battery  
  142  9:40  Probe  
  142  9:41  Photon Cannon  
  142  9:44  Assimilator  
  143  9:46  Photon Cannon  
  143  9:48  Photon Cannon, Shield Battery  
  143  9:57  High Templar x3  
  143  9:58  Zealot x4, High Templar  
  147  10:20  Zealot x4  
  100  10:30  Zealot x4  
  100  10:33  Probe x2  
  100  10:34  Probe x2  
  83  10:45  Probe  
  83  10:46  Probe x3, Zealot x2  
  83  10:47  Zealot x2  
  87  10:58  Probe  
  87  11:00  Archon  
  87  11:01  Archon, Zealot x3  
Show
View Real Time Build Order
Export as new Build Order

Leenock Zerg - Winner!

Build Orders: Hatch First 

Get SALT Encoding   

  12  0:01  Drone  
  13  0:12  Overlord  
  13  0:17  Drone  
  14  0:30  Drone x2  
  14  0:34  Drone  
  17  0:51  Hatchery  
  17  0:54  Drone  
  17  0:58  Drone  
  18  1:06  Extractor  
  17  1:13  Spawning Pool  
  17  1:17  Drone  
  17  1:19  Drone  
  18  1:28  Drone  
  19  1:39  Drone  
  20  1:49  Drone  
  20  1:53  Hatchery  
  20  2:00  Drone  
  21  2:04  Drone  
  22  2:09  Metabolic Boost  
  22  2:18  Queen  
  24  2:22  Overlord  
  24  2:25  Drone  
  24  2:28  Drone  
  26  2:30  Zergling x2  
  26  2:35  Drone  
  28  2:40  Queen  
  28  2:42  Zergling x2  
  31  2:45  Zergling x2  
  31  2:47  Zergling x2  
  33  2:53  Drone  
  34  3:04  Queen  
  36  3:06  Drone, Queen  
  36  3:09  Overlord  
  36  3:11  Drone  
  40  3:14  Drone  
  40  3:16  Drone  
  42  3:23  Spore Crawler  
  42  3:24  Drone  
  42  3:27  Spore Crawler  
  42  3:28  Spore Crawler  
  42  3:29  Drone  
  42  3:32  Drone  
  42  3:33  Drone  
  43  3:36  Drone  
  43  3:39  Drone x2  
  46  3:42  Drone  
  46  3:48  Lair  
  47  3:50  Overlord  
  47  3:53  Drone  
  47  3:55  Drone  
  49  3:58  Drone  
  50  4:05  Overlord  
  50  4:15  Drone  
  50  4:18  Zergling x4  
  50  4:20  Drone x6  
  50  4:23  Overlord  
  58  4:24  Overlord  
  58  4:28  Overlord  
  56  4:36  Extractor  
  56  4:37  Extractor  
  56  4:38  Drone x4  
  58  4:39  Overlord  
  58  4:41  Drone x2  
  58  4:42  Drone  
  58  4:43  Drone  
  62  4:47  Drone  
  62  4:49  Drone, Extractor  
  62  4:50  Drone, Hydralisk Den  
  63  4:53  Drone  
  63  4:57  Spore Crawler  
  63  4:58  Drone x2  
  64  5:02  Drone x2  
  64  5:06  Overlord  
  66  5:07  Zergling x4  
  66  5:08  Zergling x2  
  68  5:18  Zergling x8  
  68  5:19  Zergling x8  
  75  5:21  Grooved Spines  
  75  5:23  Hydralisk  
  75  5:24  Hydralisk  
  79  5:30  Baneling Nest  
  79  5:32  Hydralisk x2  
  79  5:33  Zergling x2  
  82  5:37  Overlord  
  82  5:39  Zergling x4  
  82  5:40  Zergling x2  
  83  5:47  Drone  
  83  5:49  Evolution Chamber  
  83  5:54  Hydralisk  
  83  5:55  Hydralisk x3  
  83  5:56  Zergling x2  
  92  6:03  Hydralisk, Overlord  
  92  6:04  Hydralisk  
  95  6:14  Zerg Melee Weapons Level 1  
  95  6:15  Drone  
  95  6:16  Drone x4  
  97  6:22  Drone x3  
  97  6:23  Drone  
  97  6:25  Drone x2  
  102  6:26  Drone  
  102  6:32  Spore Crawler  
  101  6:39  Hatchery  
  101  6:40  Centrifical Hooks  
  101  6:42  Muscular Augments  
  96  6:59  Drone x4  
  96  7:00  Extractor  
  99  7:03  Hydralisk x4  
  99  7:04  Overlord x3  
  107  7:09  Overseer  
  107  7:12  Zergling x10  
  107  7:13  Zergling x2  
  113  7:26  Zergling x14  
  120  7:30  Zergling x2  
  120  7:34  Zergling x4  
  123  7:37  Zergling x2  
  123  7:38  Zergling x4  
  123  7:39  Zergling x2  
  127  7:45  Hydralisk x4  
  127  7:49  Overlord  
  127  7:50  Overlord x2  
  135  7:52  Drone  
  136  7:59  Drone x3  
  136  8:00  Drone x4  
  136  8:03  Overlord  
  143  8:09  Drone x5  
  143  8:12  Drone  
  148  8:19  Extractor  
  143  8:21  Drone x3  
  143  8:22  Drone  
  147  8:28  Zergling x8  
  147  8:29  Zergling x14  
  147  8:33  Zergling x2  
  147  8:34  Zergling x2  
  159  8:45  Drone x2  
  159  8:46  Drone  
  162  8:49  Baneling  
  162  8:51  Baneling x7  
  162  8:52  Overlord  
  162  8:55  Infestation Pit  
  161  8:59  Hatchery  
  153  9:03  Zergling x2  
  153  9:07  Zergling x2  
  153  9:08  Zergling x6  
  157  9:15  Zergling x2  
  147  9:17  Drone x4  
  147  9:18  Drone  
  147  9:21  Hydralisk  
  147  9:22  Hydralisk x5  
  157  9:29  Hydralisk  
  157  9:30  Hydralisk x2  
  157  9:31  Zergling x14  
  170  9:32  Hive  
  170  9:34  Spire  
  169  9:39  Zergling x6  
  169  9:42  Baneling  
  169  9:43  Baneling x9  
  169  9:44  Baneling  
  169  9:45  Zergling x2  
  173  9:46  Overseer  
  172  9:58  Zergling x2  
  172  9:59  Zergling x2  
  170  10:03  Baneling x13  
  168  10:10  Zergling x2  
  168  10:11  Zergling x10  
  168  10:12  Zergling x6  
  170  10:15  Zergling x2  
  170  10:19  Zergling x4  
  170  10:20  Hydralisk x8  
  175  10:23  Zergling x2  
  163  10:29  Zergling x4  
  163  10:30  Zergling x6  
  163  10:35  Hydralisk x2  
  165  10:36  Hydralisk x2  
  165  10:40  Hydralisk x3  
  159  10:43  Hydralisk  
  159  10:48  Drone x2  
  159  10:49  Extractor x2  
  157  10:52  Zergling x2  
  157  10:54  Zergling x6  
Tags
 
Add a new tag
Caveats
  • Supply blocks, unpowered buildings, or Contaminate may cause inaccurate times.
  • Supply counts are checked every 10 seconds.